 Dungeon Crawl Stone Soup version 0.17-a0-1951-g62301d3 (webtiles) character file.

140 Geeful the Sneak (level 5, -6/24 HPs)
             Began as a Vine Stalker Enchanter on Oct 2, 2015.
             Mangled by a gnoll
             ... wielding a +3 whip
              (8 damage)
             ... on level 3 of the Dungeon.
             The game lasted 00:08:28 (2313 turns).

Geeful the Sneak (Vine Stalker Enchanter)           Turns: 2313, Time: 00:08:28

Health: -6/24      AC:  4    Str: 13    XL:     5   Next: 22%
Magic:  0/10       EV: 12    Int: 15    God:
Gold:   178        SH:  0    Dex: 16    Spells: 3 memorised, 2 levels left

rFire  . . .     SeeInvis .     y - +0 dagger (speed)
rCold  . . .     Clarity  .     b - +2 robe
rNeg   . . .     SustAt   +     (no shield)
rPois  .         Gourm    .     (no helmet)
rElec  .         Spirit   +     (no cloak)
rCorr  .         Warding  .     (no gloves)
rMut   .         Stasis   .     (no boots)
MR     .....                    (no amulet)
Stlth  +++.......               t - ring of sustain attributes
                                m - +3 ring of strength

@: not resistant to hostile enchantments, fairly stealthy
A: fangs 2, regeneration 1, magic shield, antimagic bite, no device heal 3, rot
immunity
a: no special abilities


You were on level 3 of the Dungeon.
You were not hungry.

You visited 1 branch of the dungeon, and saw 3 of its levels.

You collected 178 gold pieces.

Inventory:

Hand weapons
 a - a +1 dagger
 y - a +0 dagger of speed (weapon)
Missiles
 g - a throwing net (quivered)
Armour
 b - a +2 robe (worn)
Jewellery
 m - a +3 ring of strength (left hand)
 t - a ring of sustain attributes (right hand)
Magical devices
 x - a wand of lightning (2)
Scrolls
 e - a scroll of teleportation
 h - a scroll of amnesia
 p - a scroll of magic mapping {unknown}
 q - a scroll of identify
Potions
 f - 3 potions of curing
 j - a potion of agility {unknown}
 k - 2 potions of heal wounds {unknown}
 l - 2 potions of lignification {unknown}
 s - 2 potions of poison {unknown}
 u - a potion of haste {unknown}
Books
 c - a book of Maledictions

   Spells                             Type                      Level
   a - Corona                         Hexes                        1
   b - Ensorcelled Hibernation        Hexes/Ice                    2
   c - Confuse                        Hexes                        3
   d - Tukima's Dance                 Hexes                        3
   e - Dazzling Spray                 Conjuration/Hexes            3
Comestibles
 d - 2 bread rations
 o - a royal jelly
 r - a meat ration
 v - 4 fruits
 w - 4 chunks of flesh


   Skills:
 + Level 1.9 Short Blades
 - Level 1.5 Dodging
 + Level 5.1 Stealth
 - Level 3.0 Spellcasting
 + Level 4.0 Hexes


You had 2 spell levels left.
You knew the following spells:

 Your Spells              Type           Power        Failure   Level  Hunger
a - Tukima's Dance        Hex            ##......     14%         3    ###....
b - Ensorcelled Hibernat  Hex/Ice        #.....       14%         2    ##.....
c - Confuse               Hex            ##......     14%         3    ###....


Dungeon Overview and Level Annotations

Branches:
Dungeon (3/15)

Altars:
Dithmenos
Trog
Xom
The Shining One


Innate Abilities, Weirdness & Mutations

You have extremely sharp teeth.
Your natural rate of healing is unusually fast.
When hurt, damage is shared between your health and your magic reserves.
Your bite disrupts and absorbs the magic of your enemies.
Potions and wands cannot restore your health.
You are immune to rotting.


Message History

The gnoll is severely wounded.
The gnoll barely misses you. The giant newt barely misses you.
You hit the gnoll but do no damage.
The gnoll is severely wounded.
The gnoll hits you with an enchanted whip.
The gnoll closely misses you. The gnoll barely misses you.
The giant newt closely misses you.
Your spear hits the gnoll but does no damage.
The gnoll completely misses you.
You hit the gnoll but do no damage. Your bite misses the gnoll.
The gnoll is severely wounded.
The gnoll hits you. The giant newt barely misses you.
You hit the gnoll but do no damage. Your bite misses the gnoll.
The gnoll is severely wounded.
The gnoll hits you with an enchanted whip!
* * * LOW HITPOINT WARNING * * *
Your spear hits the gnoll from afar. The gnoll hits you!
* * * LOW HITPOINT WARNING * * *
The gnoll hits you with an enchanted whip!
You die...

########### ##..........
##.......)... #............
#...$........ #....l..(....
#..?.g......... ##
#...@gg[.......#####.
##............##.....
##...........##.....
#####.#....###..##.....
........##.##....#..... ######
#####...##.#......####. ......
###...).....)...# #.
.....########.....#.)#......####.
#.........>.)....#..##รท....##....


You could see 3 gnolls, a giant newt and a friendly spear.

Vanquished Creatures
  An orc wizard (D:3)
  6 adders
  A worm (D:2)
  A giant gecko (D:2)
  4 orcs
  3 ball pythons
  9 bats
  A giant cockroach (D:2)
  7 goblins
  4 hobgoblins
  13 giant newts
  5 kobolds
  4 rats
59 creatures vanquished.

Vanquished Creatures (collateral kills)
  A gnoll (D:3)
1 creature vanquished.

Grand Total: 60 creatures vanquished

Notes
Turn   | Place    | Note
--------------------------------------------------------------
     0 | D:1      | Geeful the Vine Stalker Enchanter began the quest for the Orb.
     0 | D:1      | Reached XP level 1. HP: 9/9 MP: 4/4
   231 | D:1      | Reached skill level 4 in Stealth
   231 | D:1      | Reached XP level 2. HP: 13/13 MP: 6/6
   321 | D:1      | Learned a level 2 spell: Ensorcelled Hibernation
   636 | D:2      | Reached XP level 3. HP: 16/16 MP: 8/8
   666 | D:2      | Found a glowing golden altar of the Shining One.
   849 | D:2      | Learned a level 3 spell: Confuse
   866 | D:2      | Found a bloodstained altar of Trog.
   867 | D:2      | Found a shimmering altar of Xom.
   987 | D:2      | Reached skill level 1 in Short Blades
  1549 | D:2      | Reached XP level 4. HP: 21/21 MP: 4/9
  1654 | D:3      | Found a shadowy altar of Dithmenos.
  2014 | D:2      | Learned a level 3 spell: Tukima's Dance
  2215 | D:3      | Reached skill level 5 in Stealth
  2215 | D:3      | Reached XP level 5. HP: 21/24 MP: 1/10
  2313 | D:3      | Mangled by a gnoll

Vault maps used:
D:1:      lemuel_arrival_muddy, minmay_newt_pond
D:2:      gammafunk_temple_overflow_pools, nicolae_tso_carved_into_rock
D:3:      old_standard_altar

Action                   |  1- 3 |  4- 6 || total
-------------------------+-------+-------++-------
Melee: Dagger            |   100 |    60 ||   160
 Cast: Corona            |     1 |       ||     1
       Ensorcelled Hiber |     4 |    14 ||    18
       Tukima's Dance    |       |     3 ||     3
  Use: Scroll            |       |     5 ||     5
 Stab: Sleeping          |     9 |    15 ||    24
  Eat: Chunk             |     2 |     4 ||     6
